 Dungeon Crawl Stone Soup version 0.17.1-1-g73c8601 (webtiles) character file.

352 PossumBlood the Carver (level 6, -9/45 HPs)
             Began as a Minotaur Fighter on Dec 22, 2015.
             Mangled by Gargoyl's ghost (15 damage)
             ... on level 4 of the Dungeon.
             The game lasted 00:10:20 (3288 turns).

PossumBlood the Carver (Minotaur Fighter)           Turns: 3288, Time: 00:10:20

Health: -9/45      AC:  8    Str: 27    XL:     6   Next: 35%
Magic:  5/5        EV:  7    Int:  5    God:
Gold:   161        SH: 10    Dex: 10    Spells: 0 memorised, 5 levels left

rFire  . . .     SeeInvis +     a - +0 long sword
rCold  . . .     Rnd*Rage +     b - +0 scale mail
rNeg   . . .     SustAt   .     c - +0 shield
rPois  .         Gourm    .     (helmet restricted)
rElec  .         Spirit   .     (no cloak)
rCorr  .         Warding  .     o - +0 pair of gloves
rMut   .         Stasis   .     (no boots)
MR     .....                    (no amulet)
Stlth  ..........               (no ring)
                                l - ring of see invisible (curse)

@: mighty, not resistant to hostile enchantments, extremely unstealthy
A: retaliatory headbutt, horns 2, berserk 1, frail 1
a: no special abilities


You were on level 4 of the Dungeon.
You were not hungry.

You visited 2 branches of the dungeon, and saw 5 of its levels.

You collected 161 gold pieces.

Inventory:

Hand Weapons
 a - a +0 long sword (weapon)
Armour
 b - a +0 scale mail (worn)
 c - a +0 shield (worn)
 o - a +0 pair of gloves (worn)
Jewellery
 l - a cursed ring of see invisible (left hand)
Scrolls
 h - 5 scrolls of identify {unknown}
 i - 2 scrolls of remove curse {unknown}
 j - a scroll of teleportation {unknown}
 m - a scroll of recharging {unknown}
 n - a scroll of fog {unknown}
 p - a scroll of magic mapping {unknown}
 t - a scroll of blinking {unknown}
 u - a scroll of amnesia {unknown}
 v - a scroll of immolation {unknown}
 w - a scroll of random uselessness {unknown}
Potions
 d - a potion of might
 f - a potion of mutation
 g - 4 potions of lignification {unknown}
 k - 2 potions of brilliance {unknown}
 q - a potion of curing {unknown}
 s - a potion of cancellation {unknown}
 x - a potion of ambrosia {unknown}
Comestibles
 e - a bread ration
 r - a meat ration
 z - a slice of pizza


   Skills:
 - Level 3.6 Fighting
 * Level 8.2 Long Blades
 - Level 3.6 Armour
 - Level 3.6 Shields


You had 5 spell levels left.
You didn't know any spells.

Dungeon Overview and Level Annotations

Branches:
Dungeon (4/15)             Temple (1/1) D:4

Altars:
Ashenzari
Dithmenos
Elyvilon
Fedhas
Gozag
Sif Muna
Trog
Vehumet
Yredelemnul
Zin
Lugonu

Annotations:
D:4 Gargoyl's ghost, amateur DsAK


Innate Abilities, Weirdness & Mutations

You reflexively headbutt those who attack you in melee.
You have a pair of horns on your head.
You tend to lose your temper in combat.
You are frail (-10% HP).


Message History

You hit Gargoyl's ghost but do no damage.
You block Gargoyl's ghost's attack.
Your shield prevents you from hitting Gargoyl's ghost.
Your headbutt misses Gargoyl's ghost. Gargoyl's ghost hits you.
You are electrocuted!
You hit Gargoyl's ghost. You headbutt Gargoyl's ghost!
Gargoyl's ghost is heavily damaged.
Gargoyl's ghost hits you but does no damage.
You are electrocuted!
* * * LOW HITPOINT WARNING * * *
You hit Gargoyl's ghost but do no damage.
Gargoyl's ghost is heavily damaged.
Gargoyl's ghost hits you.
* * * LOW HITPOINT WARNING * * *
Drink which item? (? for menu, Esc to quit)
It was a potion of mutation.
You feel extremely strange.
You feel frail.
You feel a little pissed off.
Gargoyl's ghost hits you but does no damage.
You are electrocuted!
You die...

###########
#.........#####
#.#######@W...#
#.# #####.# #.#
#.# #.# #.# #.#
#.# ###.#


You could see Gargoyl's ghost.

Vanquished Creatures
  Edmund (D:4)
  A scorpion (D:4)
  An orc priest (D:3)
  A worker ant (D:3)
  An orc wizard (D:3)
  3 adders (D:2)
  3 oozes
  A worm (D:4)
  A giant gecko (D:2)
  6 orcs (D:3)
  3 giant cockroaches
  8 hobgoblins
  4 jackals (D:2)
  A ball python (D:3)
  8 bats
  3 giant newts (D:1)
  8 goblins
  7 kobolds
  2 quokkas
  5 rats
68 creatures vanquished.

Notes
Turn   | Place    | Note
--------------------------------------------------------------
     0 | D:1      | PossumBlood the Minotaur Fighter began the quest for the Orb.
     0 | D:1      | Reached XP level 1. HP: 19/19 MP: 0/0
   183 | D:1      | Reached XP level 2. HP: 26/26 MP: 1/1
   222 | D:1      | Reached skill level 4 in Long Blades
   474 | D:1      | Reached XP level 3. HP: 29/31 MP: 2/2
   902 | D:2      | Found a shadowy altar of Dithmenos.
  1143 | D:2      | Reached skill level 5 in Long Blades
  1284 | D:2      | Reached XP level 4. HP: 28/39 MP: 3/3
  1937 | D:3      | Reached skill level 6 in Long Blades
  2217 | D:3      | Reached XP level 5. HP: 41/45 MP: 4/4
  2858 | D:4      | Reached skill level 7 in Long Blades
  2866 | D:4      | Found a staircase to the Ecumenical Temple.
  2867 | D:4      | Noticed Edmund
  2887 | D:4      | Killed Edmund
  2887 | D:4      | Reached skill level 8 in Long Blades
  2887 | D:4      | Reached XP level 6. HP: 17/51 MP: 5/5
  3097 | Temple   | Entered the Ecumenical Temple
  3189 | D:4      | Found an opulent altar of Gozag.
  3279 | D:4      | Noticed Gargoyl's ghost (amateur DsAK)
  3288 | D:4      | Gained mutation: You are frail (-10% HP). [potion of mutation]
  3288 | D:4      | Gained mutation: You tend to lose your temper in combat. [potion of mutation]
  3288 | D:4      | Mangled by Gargoyl's ghost

Action                   |  1- 3 |  4- 6 || total
-------------------------+-------+-------++-------
Melee: Long sword        |    83 |    96 ||   179
  Use: Potion            |       |     2 ||     2
  Eat: Beef jerky        |     1 |       ||     1
       Bread ration      |       |     2 ||     2
